 Dungeon Crawl Stone Soup version 0.21.1-1-g345015f (webtiles) character file.

9872 n0claF the Archer (level 11, -3/95 HPs)
             Began as a Centaur Hunter on June 21, 2018.
             Was a High Priest of Okawaru.
             Killed by Ozocubu's Refrigeration
             ... invoked by Fannar
              (14 damage)
             ... on level 10 of the Dungeon.
             The game lasted 00:56:40 (11643 turns).

n0claF the Archer (Centaur Hunter)                 Turns: 11643, Time: 00:56:41

Health: -3/95      AC:  7    Str: 14    XL:     11   Next: 28%
Magic:  11/11      EV: 13    Int: 10    God:    Okawaru [*****.]
Gold:   421        SH:  0    Dex: 14    Spells: 10/10 levels left

rFire    . . .     SeeInvis .   b - +0 war axe (chop)
rCold    . . .     Gourm    .   (no shield)
rNeg     . . .     Faith    .   c - +1 leather armour
rPois    +         Spirit   .   v - +0 helmet
rElec    .         Reflect  .   (no cloak)
rCorr    .         Harm     .   A - +0 pair of gloves
MR       .....                  (no barding)
Stlth    +.........             G - amulet of regeneration {!d}
HPRegen  0.65/turn              l - ring of poison resistance
MPRegen  0.12/turn              (no ring)

@: very quick
A: large, hooves 3, deformed body, speed 2, tough skin 3
a: Heroism, Finesse, Renounce Religion


You were on level 10 of the Dungeon.
You worshipped Okawaru.
Okawaru was extremely pleased with you.
You were not hungry.

You visited 2 branches of the dungeon, and saw 11 of its levels.
You also visited: Sewer.

You collected 497 gold pieces.
You spent 76 gold pieces at shops.

Inventory:

Hand Weapons
 a - a +2 shortbow
 b - a +0 war axe of chopping (weapon)
   (You took it off an orc wizard on level 8 of the Dungeon)
Missiles
 d - 8 arrows
 w - 3 javelins of penetration (quivered) {!d}
Armour
 c - a +1 leather armour (worn)
 v - a +0 helmet (worn)
   (You bought it in a shop on level 10 of the Dungeon)
 A - a +0 pair of gloves (worn)
   (You found it on level 4 of the Dungeon)
Jewellery
 l - a ring of poison resistance (left hand)
   (You found it on level 1 of the Dungeon)
 q - an uncursed amulet of rage
   (You found it on level 7 of the Dungeon)
 G - an amulet of regeneration (around neck) {!d}
   (You found it on level 2 of the Dungeon)
Wands
 u - a wand of paralysis (26)
   (You found it on level 5 of the Dungeon)
 H - a wand of clouds (2)
   (You found it on level 6 of the Dungeon)
Scrolls
 h - 7 scrolls of remove curse {@r2}
 i - 6 scrolls of amnesia
 j - 4 scrolls of identify {@r1}
 k - a scroll of enchant armour
 y - 2 scrolls of teleportation {@r4}
 z - 3 scrolls of fear
 C - a scroll of noise {!r}
Potions
 f - 4 potions of lignification {!q}
 g - a potion of invisibility
 m - 6 potions of curing {@q1}
 n - a potion of cancellation {unknown}
 o - 4 potions of magic
 p - a potion of agility
 r - a potion of flight {unknown}
 s - a potion of mutation {unknown}
 x - 4 potions of brilliance
 D - 3 potions of haste {@q3}
 I - 2 potions of might
Miscellaneous
 t - a phantom mirror
Comestibles
 e - 30 rations {!d}


   Skills:
 + Level 8.7 Fighting
   Level 1.0 Short Blades
 + Level 6.2 Axes
 - Level 14.0 Bows
 + Level 6.5 Dodging
 - Level 0.4 Stealth
 - Level 4.1 Unarmed Combat


You had 10 spell levels left.
You didn't know any spells.

Dungeon Overview and Level Annotations

Branches:
Dungeon (10/15)            Temple (1/1) D:5            Lair (0/6) D:8
    Orc: D:9-12

Altars:
Ashenzari
Cheibriados
Dithmenos
Elyvilon
Fedhas
Gozag
Hepliaklqana
Kikubaaqudgha
Makhleb
Nemelex Xobeh
Okawaru
Qazlal
Ru
Sif Muna
Trog
Uskayaw
Vehumet
Wu Jian
Xom
Yredelemnul
Zin
The Shining One

Shops:
D:9 :::   D:10 [

Annotations:
D:6 exclusion: statue
D:10 Fannar


Innate Abilities, Weirdness & Mutations

You have hooves in place of feet.
Armour fits poorly on your strangely shaped body.
You cover ground very quickly.
You have extremely tough skin. (AC +3)


Message History

You shoot an arrow.
The arrow hits Fannar but does no damage.
Fannar mumbles some strange words.
Fannar drains the heat from the surrounding environment!
You feel very cold.
* * * LOW HITPOINT WARNING * * *
Fannar is frozen.
Fannar resists.
Aim: Fannar, wielding a quarterstaff of freezing, wearing a robe of cold resistance and wearing a ring of ice (lightly wounded, covered in an icy film)
You shoot an arrow. The arrow hits the ice beast!!
You kill the ice beast!
Aim: Fannar, wielding a quarterstaff of freezing, wearing a robe of cold resistance and wearing a ring of ice (lightly wounded, covered in an icy film)
You shoot an arrow. The arrow closely misses Fannar.
Aim: Fannar, wielding a quarterstaff of freezing, wearing a robe of cold resistance and wearing a ring of ice (lightly wounded, covered in an icy film)
You shoot an arrow. The arrow hits Fannar.
Aim: Fannar, wielding a quarterstaff of freezing, wearing a robe of cold resistance and wearing a ring of ice (lightly wounded, covered in an icy film)
You shoot an arrow. The arrow hits Fannar.
Fannar brushes some snowflakes from his robe.
Aim: Fannar, wielding a quarterstaff of freezing, wearing a robe of cold resistance and wearing a ring of ice (lightly wounded, covered in an icy film)
You shoot an arrow. The arrow hits Fannar!
Fannar gestures wildly while chanting.
Fannar drains the heat from the surrounding environment!
You feel very cold.
* * * LOW HITPOINT WARNING * * *
Fannar is frozen.
Fannar resists.
Aim: Fannar, wielding a quarterstaff of freezing, wearing a robe of cold resistance and wearing a ring of ice (moderately wounded, covered in an icy film)
You shoot an arrow. The arrow barely misses Fannar.
Aim: Fannar, wielding a quarterstaff of freezing, wearing a robe of cold resistance and wearing a ring of ice (moderately wounded, covered in an icy film)
You shoot an arrow. The arrow hits Fannar!
Aim: Fannar, wielding a quarterstaff of freezing, wearing a robe of cold resistance and wearing a ring of ice (heavily wounded, covered in an icy film)
You shoot an arrow. The arrow misses Fannar.
Fannar mumbles some strange words.
Fannar drains the heat from the surrounding environment!
You feel very cold.
* * * LOW HITPOINT WARNING * * *
Fannar is frozen.
Fannar resists.
A shadow imp comes into view.
The shadow imp shouts, "Embrace thy doom, thou frothy milk-livered horse-flesh!"
The shadow imp picks up a beetle and eats it.
Fannar mumbles some strange words.
b - a +0 war axe of chopping (weapon)
You slash the shadow imp! Your kick misses the shadow imp.
The shadow imp closely misses you.
You closely miss the shadow imp.
You kill the shadow imp!
Okawaru accepts your kill.
Fannar murmurs some mystic words to himself.
Fannar gestures wildly while chanting.
Fannar drains the heat from the surrounding environment!
You feel very cold.
You die...

(# #.......###
######'#### (#
#......)# #..## .#
#...[...# ##..# ##
###...### ##.# #
###..####
######.### #
#(((..e.#
#........# ###
#(#####.###
#........#
(.######.# #.Y.#
#........#
..(.(.##.#
#.#@######........#
..###e.e.#
#.#.).............#
..# ####.#
#.########........#
..# #.# ..#
#........# ..# #.#
### #........# ..#
#.. #........# +##
#.# #........# #.#
##.####### ## .#


You could see Fannar and an ice beast.

Vanquished Creatures
  Erolcha (D:9)
  A hydra (D:9)
  Erica (D:10)
  The ghost of olivier the Stinger, a novice GnWn (D:8)
  Pikel (D:7)
  2 slime creatures (D:10)
  An elephant (D:8)
  A hornet (D:9)
  3 hippogriffs
  2 dream sheep (D:9)
  2 yaks (D:9)
  A wyvern (D:8)
  A basilisk (D:8)
  The ghost of goulibeur the Pure, an amateur DsAK of Lugonu (D:4)
  Menkaure (D:5)
  4 sky beasts
  A hornet zombie (D:8)
  3 orc warriors
  A black bear (D:6)
  A necrophage (D:9)
  2 phantoms
  3 ogres (D:5)
  A crocodile (D:8)
  4 big kobolds
  7 bullfrogs
  4 scorpions
  8 wights (D:9)
  2 howler monkeys
  A quasit (D:9)
  5 hounds
  4 crimson imps
  A centaur zombie (D:6)
  6 orc priests
  A bullfrog skeleton (D:8)
  An iguana (D:5)
  8 orc wizards
  9 worker ants
  A hound zombie (D:9)
  A howler monkey skeleton (D:7)
  A worker ant zombie (D:9)
  3 gnolls
  10 adders
  2 shadow imps
  2 adder skeletons
  A worm (D:4)
  5 leopard geckos
  32 orcs
  5 ball pythons
  4 giant cockroaches
  5 goblins
  5 hobgoblins
  14 jackals
  7 kobolds
  2 quokkas
  9 bats
  8 frilled lizards
  A leopard gecko skeleton (D:4)
  16 rats
  3 plants (Sewer)
234 creatures vanquished.

Vanquished Creatures (others)
  A fungus (D:8)
1 creature vanquished.

Grand Total: 235 creatures vanquished

Notes
Turn   | Place    | Note
-------+----------+-------------------------------------------
     0 | D:1      | n0claF the Centaur Hunter began the quest for the Orb.
     0 | D:1      | Reached XP level 1. HP: 17/17 MP: 1/1
    89 | D:1      | Reached XP level 2. HP: 19/24 MP: 2/2
   792 | D:2      | Reached XP level 3. HP: 18/30 MP: 3/3
   794 | D:2      | Reached skill level 1 in Short Blades
  1271 | D:2      | Reached skill level 6 in Bows
  1692 | D:2      | Reached XP level 4. HP: 23/37 MP: 4/4
  1782 | D:3      | Found a shattered altar of Ashenzari.
  2125 | D:3      | Reached skill level 1 in Unarmed Combat
  2132 | D:3      | Found a glowing golden altar of the Shining One.
  2514 | D:4      | Reached XP level 5. HP: 45/45 MP: 5/5
  2689 | D:4      | Found a glowing silver altar of Zin.
  2722 | D:4      | Found a sparkling altar of Nemelex Xobeh.
  2751 | D:4      | Reached skill level 7 in Bows
  3079 | D:4      | Reached XP level 6. HP: 10/51 MP: 6/6
  3125 | D:4      | Noticed goulibeur's ghost (amateur DsAK)
  3143 | D:4      | Killed goulibeur's ghost
  3238 | D:5      | Entered Level 5 of the Dungeon
  3319 | D:4      | Reached skill level 8 in Bows
  3414 | D:5      | Reached XP level 7. HP: 52/58 MP: 7/7
  3573 | D:5      | Noticed Menkaure
  3592 | D:5      | Killed Menkaure
  3746 | D:5      | Found a staircase to the Ecumenical Temple.
  3755 | Temple   | Entered the Ecumenical Temple
  3879 | Temple   | Became a worshipper of Warmaster Okawaru
  4061 | D:5      | Reached skill level 9 in Bows
  4183 | D:5      | Reached XP level 8. HP: 42/67 MP: 8/8
  4425 | D:5      | Reached * piety under Okawaru
  4743 | D:6      | Found a glowing drain.
  4768 | Sewer    | Entered a sewer
  5603 | D:6      | Reached skill level 10 in Bows
  5640 | D:6      | Reached skill level 5 in Fighting
  5709 | D:6      | Found a sacrificial altar of Ru.
  5860 | D:6      | Reached skill level 1 in Axes
  6142 | D:6      | Found a radiant altar of Vehumet.
  6196 | D:6      | Found an ornate altar of the Wu Jian Council.
  6399 | D:7      | Reached ** piety under Okawaru
  6432 | D:7      | Found a stormy altar of Qazlal.
  6483 | D:7      | Noticed an air elemental
  6510 | D:7      | Noticed Pikel
  6540 | D:7      | Killed Pikel
  6540 | D:7      | Reached skill level 11 in Bows
  6540 | D:7      | Reached XP level 9. HP: 35/75 MP: 9/9
  6824 | D:7      | Found a hazy altar of Hepliaklqana.
  7548 | D:8      | Reached skill level 12 in Bows
  7573 | D:8      | Noticed an elephant
  7633 | D:8      | Killed an elephant
  7633 | D:8      | Reached *** piety under Okawaru
  7796 | D:8      | Found a staircase to the Lair.
  7812 | D:8      | Noticed olivier's ghost (novice GnWn)
  7933 | D:8      | Reached skill level 5 in Dodging
  8319 | D:8      | Killed olivier's ghost
  8319 | D:8      | Reached XP level 10. HP: 66/84 MP: 7/10
  8511 | D:8      | Found a shimmering altar of Xom.
  8622 | D:8      | Reached skill level 13 in Bows
  8905 | D:8      | Found a snail-covered altar of Cheibriados.
  9077 | D:9      | Found Zaitex Ylos's Book Emporium.
  9102 | D:9      | Paralysed by a hornet for 3 turns
  9112 | D:9      | Reached **** piety under Okawaru
  9112 | D:9      | Received a gift from Okawaru
  9213 | D:9      | Found Okhal's Book Emporium.
  9450 | D:9      | Found a shadowy altar of Dithmenos.
  9464 | D:9      | Found Gykkoove's Book Emporium.
  9601 | D:9      | Noticed Erolcha
  9716 | D:9      | Killed Erolcha
  9716 | D:9      | Reached skill level 5 in Axes
  9813 | D:9      | Received a gift from Okawaru
  9813 | D:9      | Reached skill level 14 in Bows
  9970 | D:9      | Noticed a three-headed hydra
 10021 | D:9      | Killed a three-headed hydra
 10021 | D:9      | Received a gift from Okawaru
 10021 | D:9      | Reached ***** piety under Okawaru
 10021 | D:9      | Received a gift from Okawaru
 10021 | D:9      | Reached XP level 11. HP: 94/94 MP: 11/11
 10351 | D:9      | Found a blossoming altar of Fedhas.
 10589 | D:9      | Found a blossoming altar of Fedhas.
 10654 | D:10     | Entered Level 10 of the Dungeon
 10781 | D:10     | Found Qubbuiw's Armour Shoppe.
 10784 | D:10     | Noticed Erica
 10972 | D:10     | Killed Erica
 11528 | D:10     | Bought a +0 helmet for 76 gold pieces
 11537 | D:10     | Noticed Fannar
 11643 | D:10     | Killed from afar by Fannar

Skill      XL: |  1  2  3  4  5  6  7  8  9 10 11 |
---------------+----------------------------------+-----
Short Blades   | 1 |  1.0
Bows           | 6 7 8 9 11 12 14 | 14.0
Dodging        | 2 3 4 5 6 |  6.5
Unarmed Combat | 1 2 3 4 |  4.1
Fighting       | 3 4 5 6 8 |  8.7
Axes           | 2 4 5 6 |  6.2
Stealth        | |  0.4

Action                   |  1- 3 |  4- 6 |  7- 9 | 10-12 || total
-------------------------+-------+-------+-------+-------++-------
Melee: Short sword       |    86 |       |       |       ||    86
       Kick              |    27 |    21 |   124 |    12 ||   184
       Unarmed           |    51 |    95 |   244 |       ||   390
       Hand axe          |       |       |   109 |       ||   109
       Punch             |       |       |     8 |     1 ||     9
       War axe           |       |       |    48 |    47 ||    95
 Fire: Shortbow          |     7 |   132 |   275 |   442 ||   856
Throw: Javelin           |     9 |     3 |     9 |       ||    21
Invok: Heroism           |       |       |     1 |     1 ||     2
  Use: Potion            |     3 |     1 |     5 |       ||     9
       Scroll            |       |       |    13 |       ||    13
  Eat: Chunk             |     2 |     4 |    10 |     5 ||    21
       Ration            |       |       |     1 |     1 ||     2
Armor: Leather armour    |    81 |    38 |    86 |    52 ||   257
Dodge: Dodged            |    77 |    77 |   183 |   104 ||   441
